 Dungeon Crawl Stone Soup version 0.26-a0-665-gefeb406119 (webtiles) character file.

Game seed: 6416052009375700245

14060 Gargoyl the Fighter (level 12, -10/96 HPs)
             Began as a Gnoll Abyssal Knight on Oct 14, 2020.
             Was a High Priest of Lugonu.
             Mangled by Sonja
             ... wielding a +3 dagger of distortion
              (15 damage)
             ... on level 1 of the Lair of Beasts.
             The game lasted 00:16:00 (11733 turns).

Gargoyl the Fighter (Gnoll Abyssal Knight)         Turns: 11733, Time: 00:16:02

Health: -10/96     AC: 16    Str: 24    XL:     12   Next: 12%
Magic:  22/22      EV:  9    Int: 14    God:    Lugonu [*****.]
Gold:   526        SH: 11    Dex: 13    Spells: 25/25 levels left

rFire    . . .     SeeInvis .   c - +7 war axe of Bitz {vorpal, MR+++ Str+4 Dex-2 Stlth+}
rCold    . . .     Faith    .   I - +0 kite shield
rNeg     . . .     Spirit   .   n - +0 plate armour
rPois    .         Reflect  .   j - +0 helmet
rElec    .         Harm     .   l - +0 cloak
rCorr    .         Rampage  .   (no gloves)
MR       +++++                  (no boots)
Stlth    ..........             e - amulet of the acrobat
HPRegen  0.26/turn              w - ring of protection from magic
MPRegen  0.18/turn              C - ring of protection from magic

@: slowed, very slow
A: distributed training, fangs 1, strong nose
a: Depart the Abyss, Bend Space, Banish, Corrupt, Enter the Abyss, Renounce
Religion


You were on level 1 of the Lair of Beasts.
You worshipped Lugonu.
Lugonu was extremely pleased with you.
You visited 2 branches of the dungeon, and saw 10 of its levels.
You visited the Abyss 1 time.
You also visited: Sewer.

You collected 526 gold pieces.

Inventory:

Hand Weapons
 a - a +3 hand axe
 c - the +7 war axe of Bitz (weapon) {vorpal, MR+++ Str+4 Dex-2 Stlth+}
   (You found it on level 2 of the Abyss)

   It inflicts extra damage upon your enemies.
   It affects your strength (+4).
   It affects your dexterity (-2).
   It affects your resistance to hostile enchantments.
   It makes you more stealthy.
 i - a cursed +4 hand axe of freezing
 A - a +0 vampiric demon whip
Missiles
 u - 59 poisoned darts (quivered)
Armour
 j - a +0 helmet (worn)
 l - a +0 cloak (worn)
 n - a +0 plate armour (worn)
 I - a +0 kite shield (worn)
Jewellery
 e - an amulet of the acrobat (around neck)
 w - a ring of protection from magic (left hand)
 C - a ring of protection from magic (right hand)
Wands
 k - a wand of flame (30)
 q - a wand of iceblast (29)
 s - a wand of polymorph (17)
 B - a wand of disintegration (7)
 F - a wand of paralysis (9)
 H - a wand of random effects (9)
Scrolls
 f - 2 scrolls of identify
 p - a scroll of fear
 r - 7 scrolls of remove curse
 y - a scroll of teleportation
 z - a scroll of fog
 D - a scroll of blinking
 E - a scroll of enchant armour {unknown}
Potions
 b - 5 potions of lignification
 d - a potion of haste
 g - a potion of cancellation
 m - a potion of curing
 o - a potion of brilliance
 t - a potion of invisibility
 v - 2 potions of stabbing
 x - a potion of might {unknown}
 G - 2 potions of flight


   Skills:
 + Level 9.6 Fighting
 + Level 7.0 Short Blades
 + Level 7.0 Long Blades
 + Level 8.4 Axes
 + Level 7.0 Maces & Flails
 + Level 7.0 Polearms
 + Level 7.0 Staves
 + Level 7.0 Slings
 + Level 7.0 Bows
 + Level 7.0 Crossbows
 + Level 7.0 Throwing
 + Level 8.4 Armour
 + Level 7.5 Dodging
 + Level 7.0 Stealth
 + Level 7.0 Shields
 + Level 7.0 Unarmed Combat
 + Level 7.0 Spellcasting
 + Level 5.8 Conjurations
 + Level 5.8 Hexes
 + Level 5.8 Summonings
 + Level 5.8 Necromancy
 + Level 5.8 Translocations
 + Level 5.8 Transmutations
 + Level 5.8 Fire Magic
 + Level 5.8 Ice Magic
 + Level 5.8 Air Magic
 + Level 5.8 Earth Magic
 + Level 5.8 Poison Magic
 + Level 9.0 Invocations
 + Level 7.0 Evocations


You had 25 spell levels left.
You didn't know any spells.
Your spell library contained the following spells:

 Spells                   Type           Power        Failure   Level
 Beastly Appendage        Tmut           ###...       43%         1
 Sandblast                Erth           ###...       43%         1
 Summon Small Mammal      Summ           ###.         43%         1
 Passwall                 Tmut/Erth      ###.....     56%         2
 Poisonous Vapours        Pois/Air       ###...       56%         2
 Wereblood                Tmut           ###.....     56%         2
 Confusing Touch          Hex            ###.....     80%         3
 Conjure Flame            Conj/Fire      ###.....     80%         3
 Gell's Gravitas          Tloc           ###.......   80%         3
 Mephitic Cloud           Conj/Pois/Air  ###.....     80%         3
 Spider Form              Tmut/Pois      ###.......   80%         3
 Static Discharge         Conj/Air       ###.....     80%         3
 Stone Arrow              Conj/Erth      ###...       80%         3
 Ice Form                 Ice/Tmut       ###.....     99%         4
 Petrify                  Tmut/Erth      ###.....     99%         4
 Summon Lightning Spire   Summ/Air       ###.....     99%         4
 Blade Hands              Tmut           ###.......   100%        5
 Lee's Rapid Deconstruct  Erth           ###.......   100%        5
 Lightning Bolt           Conj/Air       ###.......   100%        5
 Metabolic Englaciation   Hex/Ice        ###.......   100%        5
 Silence                  Hex/Air        ###.......   100%        5
 Summon Mana Viper        Hex/Summ       ###.....     100%        5
 Yara's Violent Unravell  Hex/Tmut       ###.......   100%        5
 Conjure Ball Lightning   Conj/Air       ###.......   100%        6
 Freezing Cloud           Conj/Ice/Air   ###.......   100%        6
 Ozocubu's Refrigeration  Ice            ###.......   100%        6
 Simulacrum               Ice/Necr       ###.......   100%        6


Dungeon Overview and Level Annotations

Branches:
Dungeon (9/15)             Temple (0/1) D:7            Lair (1/6) D:9
  Sewer (visited)
    Orc: D:9-12

Altars:
Ashenzari
Dithmenos
Fedhas
Hepliaklqana
Okawaru
Sif Muna
Trog
Vehumet
Wu Jian
Xom

Shops:
D:5 :*(

Annotations:
Lair:1 Sonja


Innate Abilities, Weirdness & Mutations

Your experience applies equally to all skills.
You have very sharp teeth.
Your uncanny sense of smell can sniff out nearby items.


Message History

* * * LOW HITPOINT WARNING * * *
Sonja closely misses you. x2; Sonja completely misses you.
You feel better. You block Sonja's attack. Sonja misses you.
Sonja hits you but does no damage. Space bends around you.
* * * LOW HITPOINT WARNING * * *
Sonja barely misses you. Sonja hits you but does no damage.
Space warps horribly around you!!
* * * LOW HITPOINT WARNING * * *
Sonja hits you but does no damage. Space bends around you.
* * * LOW HITPOINT WARNING * * *
You feel better.
Sonja says, "I'm academy-trained, you know."
Sonja hits you but does no damage.
You blink.
You block Sonja's attack. x3
You feel better. Sonja hits you but does no damage.
Space warps horribly around you!
* * * LOW HITPOINT WARNING * * *
Sonja hits you with a +3 dagger of distortion.
* * * LOW HITPOINT WARNING * * *
Space warps horribly around you!
You die...

........(..................##..
.##.#P.##...(..!##(#.......###.
#P....##....(...#..#####.####.
.......P........#..# #.......
................(#)## P..##.#.
.##.................####..####.
#..........§............. ##.
#..###....K...........# #..
...........@..†........###..
..........(P.####..##....
..#....#......# #.......
.......#......# ...####
..............# ...##...
..##..........# ........
##..#......# ∆#...8...
P..#....... #.....>. . #...8...


You could see Sonja.

Vanquished Creatures
  Harold (Lair:1)
  3 centaur warriors (D:8)
  A necromancer (D:9)
  2 manticores (D:8)
  An efreet (D:8)
  A komodo dragon (D:8)
  A slime creature (D:8)
  Grinder (D:3)
  4 flying skulls (D:9)
  Sigmund (D:4)
  4 shadows (D:9)
  3 yaks (D:9)
  3 wraiths
  A steam dragon (D:7)
  Menkaure (D:4)
  A vampire mosquito (D:8)
  3 wargs (D:9)
  A water moccasin (Lair:1)
  3 orc warriors
  A black bear (D:9)
  3 ice beasts
  5 ogres
  3 sky beasts
  A phantom (D:8)
  3 necrophages
  4 centaurs
  13 bullfrogs
  6 big kobolds
  A wyvern zombie (D:9)
  A wyvern skeleton (D:9)
  3 scorpions
  A killer bee (D:8)
  11 wights
  A howler monkey (D:4)
  A bullfrog zombie (D:6)
  3 centaur zombies
  3 jellies
  A quasit (D:6)
  Crazy Yiuf (D:2)
  5 orc priests
  5 hounds
  3 centaur skeletons (D:9)
  A gnoll shaman (D:6)
  3 orc wizards
  A bullfrog skeleton (D:5)
  Ijyb (D:3)
  6 iguanas
  4 worker ants
  Terence (D:2)
  A killer bee zombie (D:5)
  2 hound zombies (D:9)
  3 hound skeletons
  A howler monkey zombie (D:9)
  3 worker ant zombies
  Robin (D:2)
  14 adders
  A howler monkey skeleton (D:9)
  7 river rats
  A white imp (D:7)
  2 ufetubi
  10 oozes
  2 adder zombies
  3 adder skeletons
  4 worms
  A dart slug (D:1)
  10 leopard geckos
  16 orcs
  2 ball pythons
  9 bats
  7 giant cockroaches
  15 goblins
  6 hobgoblins
  2 jackals (D:2)
  14 kobolds
  2 quokkas (D:9)
  4 frilled lizards
  A giant cockroach zombie (D:5)
  A quokka skeleton (D:9)
  5 rats
282 creatures vanquished.

Vanquished Creatures (others)
  A worker ant zombie (D:8)
  A goblin (D:2)
  2 hobgoblins (D:2)
  5 fungi (Lair:1)
  2 plants
11 creatures vanquished.

Grand Total: 293 creatures vanquished

Notes
Turn   | Place    | Note
-------+----------+-------------------------------------------
     0 | Abyss:1  | Gargoyl the Gnoll Abyssal Knight began the quest for the
                  | Orb.
     0 | Abyss:1  | Reached XP level 1. HP: 23/23 MP: 3/3
    26 | Abyss:2  | Got a fine war axe
    27 | Abyss:2  | Identified the +7 war axe of Bitz {vorpal, MR+++ Str+4
                  | Dex-2 Stlth+} (You found it on level 2 of the Abyss)
    41 | Abyss:2  | Noticed a flying skull
    41 | Abyss:2  | Noticed a flying skull
    61 | Abyss:3  | Noticed an ice beast
    62 | Abyss:3  | Noticed a small abomination
    64 | D:1      | Escaped the Abyss
   271 | D:1      | Reached XP level 2. HP: 28/29 MP: 5/5
   635 | D:2      | Found a blossoming altar of Fedhas.
   694 | D:2      | Reached XP level 3. HP: 20/35 MP: 6/6
   925 | D:2      | Reached * piety under Lugonu
  1140 | D:2      | Found a runed translucent door.
  1141 | D:2      | Noticed Crazy Yiuf
  1185 | D:2      | Reached skill level 1 in Short Blades
  1185 | D:2      | Reached skill level 1 in Long Blades
  1185 | D:2      | Reached skill level 1 in Maces & Flails
  1185 | D:2      | Reached skill level 1 in Polearms
  1185 | D:2      | Reached skill level 1 in Staves
  1185 | D:2      | Reached skill level 1 in Slings
  1185 | D:2      | Reached skill level 1 in Bows
  1185 | D:2      | Reached skill level 1 in Crossbows
  1185 | D:2      | Reached skill level 1 in Throwing
  1185 | D:2      | Reached skill level 1 in Stealth
  1185 | D:2      | Reached skill level 1 in Shields
  1185 | D:2      | Reached skill level 1 in Unarmed Combat
  1185 | D:2      | Reached skill level 1 in Spellcasting
  1185 | D:2      | Reached skill level 1 in Evocations
  1214 | D:2      | Reached XP level 4. HP: 41/41 MP: 7/7
  1288 | D:2      | Noticed Robin
  1288 | D:2      | Noticed Terence
  1289 | D:2      | Found a radiant altar of Vehumet.
  1297 | D:2      | Killed Terence
  1300 | D:2      | Reached skill level 1 in Conjurations
  1300 | D:2      | Reached skill level 1 in Hexes
  1300 | D:2      | Reached skill level 1 in Summonings
  1300 | D:2      | Reached skill level 1 in Necromancy
  1300 | D:2      | Reached skill level 1 in Translocations
  1300 | D:2      | Reached skill level 1 in Transmutations
  1300 | D:2      | Reached skill level 1 in Fire Magic
  1300 | D:2      | Reached skill level 1 in Ice Magic
  1300 | D:2      | Reached skill level 1 in Air Magic
  1300 | D:2      | Reached skill level 1 in Earth Magic
  1300 | D:2      | Reached skill level 1 in Poison Magic
  1304 | D:2      | Killed Robin
  1634 | D:2      | Found a hazy altar of Hepliaklqana.
  1681 | D:2      | Reached XP level 5. HP: 44/47 MP: 8/8
  1966 | D:2      | Found a shadowy altar of Dithmenos.
  2011 | D:2      | Killed Crazy Yiuf
  2186 | D:3      | Reached ** piety under Lugonu
  2317 | D:3      | Reached skill level 5 in Invocations
  2317 | D:3      | Reached XP level 6. HP: 27/53 MP: 9/9
  2669 | D:3      | Noticed Ijyb
  2672 | D:3      | Noticed Grinder
  2677 | D:3      | Killed Ijyb
  2688 | D:3      | Killed Grinder
  2688 | D:3      | Reached skill level 5 in Axes
  2688 | D:3      | Reached skill level 5 in Armour
  2688 | D:3      | Reached XP level 7. HP: 50/59 MP: 10/10
  3366 | D:4      | Noticed Sigmund
  3376 | D:4      | Killed Sigmund
  3483 | D:4      | Noticed Menkaure
  3489 | D:4      | Killed Menkaure
  3489 | D:4      | Reached XP level 8. HP: 67/67 MP: 12/12
  4215 | D:5      | Entered Level 5 of the Dungeon
  4215 | D:5      | Found Nargh's Book Shop.
  4215 | D:5      | Found Guahuso's General Store.
  4375 | D:5      | Found a glowing drain.
  4388 | Sewer    | Entered a sewer
  4507 | Sewer    | Reached *** piety under Lugonu
  4932 | D:5      | Found a broken altar of Ashenzari.
  4960 | D:5      | Found Jaocob's Antique Weapon Emporium.
  4979 | D:5      | Reached XP level 9. HP: 72/72 MP: 14/14
  5094 | D:5      | Found an ornate altar of the Wu Jian Council.
  5185 | D:5      | Found a shimmering blue altar of Sif Muna.
  5592 | D:6      | Identified the Reference Book on the Creative Snowflakes
  5641 | D:6      | Reached skill level 5 in Dodging
  5659 | D:6      | Reached **** piety under Lugonu
  6428 | D:7      | Reached XP level 10. HP: 80/80 MP: 17/17
  6458 | D:7      | Found a shimmering altar of Xom.
  6462 | D:7      | Found a staircase to the Ecumenical Temple.
  6995 | D:8      | Found a blossoming altar of Fedhas.
  7030 | D:8      | Reached skill level 5 in Short Blades
  7030 | D:8      | Reached skill level 5 in Long Blades
  7030 | D:8      | Reached skill level 5 in Maces & Flails
  7030 | D:8      | Reached skill level 5 in Polearms
  7030 | D:8      | Reached skill level 5 in Staves
  7030 | D:8      | Reached skill level 5 in Slings
  7030 | D:8      | Reached skill level 5 in Bows
  7030 | D:8      | Reached skill level 5 in Crossbows
  7030 | D:8      | Reached skill level 5 in Throwing
  7030 | D:8      | Reached skill level 5 in Stealth
  7030 | D:8      | Reached skill level 5 in Shields
  7030 | D:8      | Reached skill level 5 in Unarmed Combat
  7030 | D:8      | Reached skill level 5 in Spellcasting
  7030 | D:8      | Reached skill level 5 in Evocations
  7073 | D:8      | Found a runed translucent door.
  7351 | D:8      | Paralysed by a hornet for 2 turns
  7859 | D:8      | Found a bloodstained altar of Trog.
  7860 | D:8      | Found an iron altar of Okawaru.
  8191 | D:8      | Found a runed translucent door.
  8191 | D:8      | Found a runed translucent door.
  8191 | D:8      | Noticed a centaur warrior
  8191 | D:8      | Noticed a centaur warrior
  8203 | D:8      | Killed a centaur warrior
  8204 | D:8      | Killed a centaur warrior
  8213 | D:8      | Noticed a manticore
  8572 | D:8      | Noticed a centaur warrior
  8592 | D:8      | Reached XP level 11. HP: 41/87 MP: 19/19
  8593 | D:8      | Killed a centaur warrior
  8597 | D:8      | Killed a manticore
  8597 | D:8      | Reached skill level 5 in Conjurations
  8597 | D:8      | Reached skill level 5 in Hexes
  8597 | D:8      | Reached skill level 5 in Summonings
  8597 | D:8      | Reached skill level 5 in Necromancy
  8597 | D:8      | Reached skill level 5 in Translocations
  8597 | D:8      | Reached skill level 5 in Transmutations
  8597 | D:8      | Reached skill level 5 in Fire Magic
  8597 | D:8      | Reached skill level 5 in Ice Magic
  8597 | D:8      | Reached skill level 5 in Air Magic
  8597 | D:8      | Reached skill level 5 in Earth Magic
  8597 | D:8      | Reached skill level 5 in Poison Magic
  8965 | D:8      | Noticed a manticore
  8979 | D:8      | Killed a manticore
  9103 | D:8      | Identified the Papyrus of Air
  9628 | D:9      | Noticed a necromancer
  9926 | D:9      | Killed a necromancer
 10061 | D:9      | Reached ***** piety under Lugonu
 10082 | D:9      | Found a staircase to the Lair.
 11235 | Lair:1   | Entered Level 1 of the Lair of Beasts
 11450 | Lair:1   | Noticed a five-headed hydra
 11452 | Lair:1   | Banished a five-headed hydra
 11452 | Lair:1   | Reached XP level 12. HP: 96/96 MP: 22/22
 11585 | Lair:1   | Noticed Harold
 11603 | Lair:1   | Killed Harold
 11718 | Lair:1   | Noticed Sonja
 11731 | Lair:1   | HP: 2/96 [Sonja/+3 dagger of distortion (5)]
 11733 | Lair:1   | Mangled by Sonja

Illustrated notes

Levels and vault maps discovered:
D:1:      minmay_arrival_four_circles, layout_basic
D:2:      layout_basic, lemuel_coloured_pillars_altar, fiery_altar_vehumet,
          old_standard_altar, lemuel_crystal_altar, minmay_3d_cube,
          uniq_crazy_yiuf_cottage, uniq_terence, uniq_robin
D:3:      layout_rooms, serial_co_window_serial, co_window_paths_b,
          co_window_paths_a, co_window_corner_a, co_window_paths_a,
          co_window_corner_a, co_window_2corner, co_window_unsneaky_path_c,
          co_window_2corner, co_window_2corner, co_window_paths_d,
          glass_columns_c, glass_columns_a, glass_columns_a, uniq_grinder,
          uniq_ijyb
D:4:      layout_basic, uniq_menkaure, uniq_sigmund
D:5:      layout_rooms, nicolae_overflow_crystal_walls, tgw_sif,
          overflow_temple_1_default, serial_shops,
          nicolae_shop_overgrown_old_shop, shop, shop, gup_sewer_entry_pipe
D:6:      kennysheep_windowed_halls, layout_loops_cross
D:7:      layout_gridville, xom_teletrap_fun, minmay_temple_entry_ruins
D:8:      minmay_the_grid_triangle_9x9_rhombus_full
          [minmay_the_grid_triangle_9x9_limited_checkers,
          minmay_the_grid_triangle_9x9_alien,
          minmay_the_grid_triangle_9x9_shrine,
          minmay_the_grid_triangle_9x9_wacky_v,
          minmay_the_grid_triangle_9x9_subtriangle,
          minmay_the_grid_triangle_9x9_impossible_snake,
          minmay_the_grid_triangle_9x9_tough_junction,
          minmay_the_grid_triangle_9x9_prize_insulated], layout_loops_corners,
          grunt_temple_overflow_bloody_war
D:9:      hangedman_screamer, layout_gridville, erik_lair_orcish_takeover
Lair:1:   layout_gridlike, special_room [special_room_bee], st_stairs_7, pond,
          grunt_megastairs_2, uniq_harold, uniq_joseph, uniq_sonja

Skill      XL: |  1  2  3  4  5  6  7  8  9 10 11 12 |
---------------+-------------------------------------+-----
Short Blades   | 1 2 3 4 5 6 7 |  7.0
Long Blades    | 1 2 3 4 5 6 7 |  7.0
Maces & Flails | 1 2 3 4 5 6 7 |  7.0
Polearms       | 1 2 3 4 5 6 7 |  7.0
Staves         | 1 2 3 4 5 6 7 |  7.0
Slings         | 1 2 3 4 5 6 7 |  7.0
Bows           | 1 2 3 4 5 6 7 |  7.0
Crossbows      | 1 2 3 4 5 6 7 |  7.0
Throwing       | 1 2 3 4 5 6 7 |  7.0
Stealth        | 1 2 3 4 5 6 7 |  7.0
Shields        | 1 2 3 4 5 6 7 |  7.0
Unarmed Combat | 1 2 3 4 5 6 7 |  7.0
Spellcasting   | 1 2 3 4 5 6 7 |  7.0
Evocations     | 1 2 3 4 5 6 7 |  7.0
Conjurations   | 1 2 3 4 5 |  5.8
Hexes          | 1 2 3 4 5 |  5.8
Summonings     | 1 2 3 4 5 |  5.8
Necromancy     | 1 2 3 4 5 |  5.8
Translocations | 1 2 3 4 5 |  5.8
Transmutations | 1 2 3 4 5 |  5.8
Fire Magic     | 1 2 3 4 5 |  5.8
Ice Magic      | 1 2 3 4 5 |  5.8
Air Magic      | 1 2 3 4 5 |  5.8
Earth Magic    | 1 2 3 4 5 |  5.8
Poison Magic   | 1 2 3 4 5 |  5.8
Dodging        | 3 4 5 6 7 |  7.5
Invocations    | 5 6 7 8 9 |  9.0
Axes           | 5 6 7 8 |  8.4
Armour         | 5 6 7 8 |  8.4
Fighting       | 7 8 9 |  9.6

Action                   |  1- 3 |  4- 6 |  7- 9 | 10-12 || total
-------------------------+-------+-------+-------+-------++-------
Melee: War axe           |    32 |    84 |   233 |   359 ||   708
       Bite              |     1 |     3 |    23 |    43 ||    70
Invok: Depart the Abyss  |     1 |       |       |       ||     1
       Banish            |       |       |       |     2 ||     2
  Use: Scroll            |     3 |       |    17 |     7 ||    27
       Potion            |       |       |     1 |     6 ||     7
 Stab: Sleeping          |     3 |     1 |       |       ||     4
Armor: Leather armour    |     9 |     7 |       |       ||    16
       Chain mail        |       |    26 |    10 |       ||    36
       Plate armour      |       |       |    91 |   186 ||   277
       Skin              |       |       |       |    12 ||    12
Dodge: Dodged            |    24 |    57 |   129 |   184 ||   394
Block: Buckler           |     4 |    23 |    47 |    93 ||   167
       Kite shield       |       |       |       |    43 ||    43

Table legend: (Time is in decaauts)
 A = Elapsed time spent in this place.
 B = Non-inter-level travel time spent in this place.
 C = Inter-level travel time spent in this place.
 D = Time resting spent in this place.
 E = Time spent auto-exploring this place.
 F = Levels seen in this place.
 G = Mean time per level.
                   A        B        C        D        E       F      G
               +--------+--------+--------+--------+--------+-----+--------+
         Total |  12019 |  11463 |    556 |   2285 |   6904 |  14 |  858.5 |
       Dungeon |  10769 |  10214 |    555 |   2059 |   6285 |   9 | 1196.6 |
          Lair |    510 |    510 |      0 |    226 |    188 |   1 |  510.0 |
         Abyss |     63 |     63 |      0 |      0 |     20 |   3 |   21.0 |
         Sewer |    676 |    676 |      0 |      0 |    410 |   1 |  676.0 |
               +--------+--------+--------+--------+--------+-----+--------+

Top non-repeatable levels by time:
     D:8: 2539 daAuts
     D:9: 1972 daAuts
     D:2: 1540 daAuts
     D:3: 1153 daAuts
     D:4: 962 daAuts
     D:6: 829 daAuts
     D:7: 720 daAuts
   Sewer: 676 daAuts
     D:1: 537 daAuts
     D:5: 512 daAuts
  Lair:1: 510 daAuts
 Abyss:2: 33 daAuts
 Abyss:3: 20 daAuts
 Abyss:1: 9 daAuts
